 Dungeon Crawl Stone Soup version 0.23.2-40-g277498a (webtiles) character file.

Game seed: 6529648557150070360

41739 Fang the Fighter (level 14, -1/141 HPs)
             Began as a Gargoyle Berserker on Sept 9, 2019.
             Was a High Priest of Trog.
             Slain by a blink frog (3 damage)
             ... on level 5 of the Lair of Beasts.
             The game lasted 00:22:18 (20007 turns).

Fang the Fighter (Gargoyle Berserker)              Turns: 20007, Time: 00:22:18

Health: -1/141     AC: 33    Str: 31    XL:     14   Next: 16%
Magic:  0/14       EV: 12    Int:  8    God:    Trog [*****.]
Gold:   947        SH:  0    Dex:  9    Spells: 13/13 levels left

rFire    . . .     SeeInvis .   a - +8 war axe
rCold    + . .     Gourm    .   (no shield)
rNeg     + . .     Faith    .   b - +3 plate armour
rPois    ∞         Spirit   +   (no helmet)
rElec    +         Reflect  .   v - scarf {Spirit}
rCorr    +         Harm     .   (no gloves)
MR       +....                  u - +2 pair of boots
Stlth    ..........             A - amulet of magic regeneration
HPRegen  0.33/turn              Q - ring of resist corrosion
MPRegen  0.39/turn              N - ring of protection from cold

@: berserking (expiring), flying, very quick
A: big wings, negative energy resistance 1, electricity resistance, unbreathing,
petrification resistance, rot immunity, AC +10
a: Stop Flying, Berserk, Trog's Hand, Brothers in Arms, Renounce Religion


You were on level 5 of the Lair of Beasts.
You worshipped Trog.
Trog was extremely pleased with you.
You were near starving.

You visited 3 branches of the dungeon, and saw 18 of its levels.

You collected 947 gold pieces.

Inventory:

Hand Weapons
 a - a +8 war axe (weapon)
 f - the +9 hand axe of Motweore {freeze, rF+ rC+ MP-9 Str+3}
   (You found it on level 4 of the Lair of Beasts)

   It has been specially enchanted to freeze those struck by it, causing extra
   injury to most foes and up to half again as much damage against particularly
   susceptible opponents.
   It can also slow down cold-blooded creatures.
   It affects your strength (+3).
   It protects you from fire.
   It protects you from cold.
   It affects your magic capacity (-9).
Armour
 b - a +3 plate armour (worn)
 u - a +2 pair of boots (worn)
 v - a scarf of spirit shield (worn)
Jewellery
 A - an amulet of magic regeneration (around neck)
 K - an uncursed ring of stealth
 N - a ring of protection from cold (right hand)
 Q - a ring of resist corrosion (left hand)
Wands
 h - a wand of random effects (23)
 z - a wand of disintegration (21)
 E - a wand of iceblast (15)
 F - a wand of acid (8)
 J - a wand of enslavement (13)
 L - a wand of flame (8)
 M - a wand of scattershot (4)
 P - a wand of polymorph (7)
Scrolls
 e - 12 scrolls of teleportation
 l - a scroll of enchant weapon
 n - 8 scrolls of identify
 t - 2 scrolls of magic mapping
 C - a scroll of silence
Potions
 d - 7 potions of curing
 g - 3 potions of mutation
 i - 2 potions of might
 j - 6 potions of flight
 k - 7 potions of heal wounds
 m - 4 potions of agility
 r - 4 potions of resistance
 w - 2 potions of haste
 I - a potion of cancellation
 O - 2 potions of invisibility
Comestibles
 c - 15 rations


   Skills:
 + Level 13.3 Fighting
 + Level 11.4 Axes
 + Level 13.2 Armour
 + Level 10.5 Dodging


You had 13 spell levels left.
You didn't know any spells.
Your spell library was empty.

Dungeon Overview and Level Annotations

Branches:
Dungeon (11/15)            Temple (1/1) D:5            Lair (6/6) D:10
  Swamp (0/4) Lair:4       Spider (0/4) Lair:3
  Slime: Lair:5-6       Orc: D:9-12

Altars:
Cheibriados
Sif Muna
Trog
Yredelemnul

Shops:
D:9 =


Innate Abilities, Weirdness & Mutations

You are resistant to torment.
Your stone body is resilient. (AC +10)
You are immune to poison.
Your large and strong wings let you fly indefinitely.
You resist negative energy. (rN+)
You are resistant to electric shocks. (rElec)
You can survive without breathing.
You are immune to petrification.
You are immune to rotting.


Message History

The blink frog blinks!
The 15-headed hydra bites you but does no damage. x4
The 15-headed hydra bites you!
* * * LOW HITPOINT WARNING * * *
The 15-headed hydra bites you.
* * * LOW HITPOINT WARNING * * *
The 15-headed hydra bites you but does no damage.
The 15-headed hydra barely misses you. The 15-headed hydra bites you.
* * * LOW HITPOINT WARNING * * *
The 15-headed hydra barely misses you. x2
The 15-headed hydra closely misses you.
The 15-headed hydra bites you but does no damage. x3
You slice one of the 15-headed hydra's heads off!
The 14-headed hydra grows two more!
You slice the 16-headed hydra!!
You kill the 16-headed hydra!
Trog accepts your kill. The blink frog closely misses you.
You feel a strong urge to attack something.
The blink frog hits you.
You die...

.....##..#.#........##..........#
...+.#.###.#.#.....####.#..#.#.##
#.#.#### ####.....## ##....#####
###.## #.......### ##......#.#
#....# #.§.....#.###......+.##
##..## #...........#.........#
##..# #......†...............
##.## ##<....F..##..+.........
#..# #.....†@.###.#P........+
#.## ###.###..# ##..........#
##.# #.###..# ##P#..#....# #..#
####..#### ######.##.# ##.#
#####....# #P.#P..#### #..###
#..##.#.## ##.#..## #
.#.#.#######..#...+.#####...#####
......#..##).........#.##...#..#.
..........#.......<.+.....P......


You could see a blink frog.

Vanquished Creatures
  Fannar (D:10)
  The ghost of growler the Black Belt, a journeyman MfTm of Wu Jian (Lair:4)
  8 hydras
  Harold (D:8)
  The ghost of Sonofthefire the Fighter, a novice MiMo of Okawaru (D:10)
  4 two-headed ogres
  10 elephants
  4 black mambas
  Joseph (D:10)
  Psyche (D:10)
  8 spiny frogs
  A torpor snail (Lair:5)
  12 komodo dragons
  5 rime drakes
  A troll (D:10)
  A merfolk (D:10)
  A polar bear (Lair:3)
  A jumping spider (Lair:3)
  10 blink frogs
  7 hippogriffs
  A human (D:9)
  A wyvern (D:9)
  Sigmund (D:6)
  29 yaks
  2 basilisks
  A hungry ghost (D:8)
  Menkaure (D:6)
  4 swamp worms (Lair:4)
  12 water moccasins
  7 porcupines
  4 black bears (D:10)
  An orc warrior (D:7)
  A hornet zombie (D:6)
  An ice beast (D:8)
  2 sky beasts
  A necrophage (D:10)
  A wolf (Lair:3)
  5 ogres
  2 centaurs
  12 crocodiles
  A big kobold (D:9)
  Blork the orc (D:4)
  22 bullfrogs
  A wyvern zombie (D:10)
  4 scorpions
  6 howler monkeys
  8 wights
  6 electric eels
  A quasit (D:3)
  A centaur zombie (D:10)
  A bullfrog zombie (D:8)
  4 crimson imps
  5 jellies
  A bullfrog skeleton (D:6)
  3 orc priests
  Crazy Yiuf (D:7)
  5 hounds
  5 iguanas
  Terence (D:3)
  Natasha (thrice) (D:3)
  5 orc wizards
  9 worker ants
  4 hound skeletons
  2 howler monkey zombies
  A worker ant zombie (D:5)
  4 gnolls (D:6)
  21 adders
  A shadow imp (D:5)
  2 oozes (D:4)
  An adder zombie (D:5)
  2 adder skeletons (D:7)
  2 worms (D:4)
  2 dart slugs (D:2)
  6 leopard geckos
  22 orcs
  2 ball pythons
  6 bats
  5 giant cockroaches
  6 goblins
  7 hobgoblins
  10 jackals
  8 quokkas
  4 frilled lizards
  13 kobolds
  10 rats
  3 fungi
  7 plants
413 creatures vanquished.

Vanquished Creatures (collateral kills)
  2 hydras (D:10)
2 creatures vanquished.

Vanquished Creatures (others)
  10 fungi
  16 plants
26 creatures vanquished.

Grand Total: 441 creatures vanquished

Notes
Turn   | Place    | Note
-------+----------+-------------------------------------------
     0 | D:1      | Fang the Gargoyle Berserker began the quest for the Orb.
     0 | D:1      | Reached XP level 1. HP: 14/14 MP: 1/1
   183 | D:1      | Reached XP level 2. HP: 18/19 MP: 2/2
   753 | D:1      | Reached XP level 3. HP: 20/23 MP: 3/3
   916 | D:2      | Reached ** piety under Trog
   971 | D:2      | Reached XP level 4. HP: 29/29 MP: 4/4
  1942 | D:3      | Reached XP level 5. HP: 33/33 MP: 5/5
  2792 | D:3      | Noticed Natasha
  2808 | D:3      | Killed Natasha
  2821 | D:3      | Noticed Terence
  2847 | D:3      | Killed Terence
  2990 | D:3      | Reached XP level 6. HP: 31/39 MP: 6/6
  3096 | D:3      | Noticed Natasha
  3102 | D:3      | Killed Natasha
  3238 | D:3      | Noticed Natasha
  3252 | D:3      | Killed Natasha
  3691 | D:4      | Reached skill level 5 in Fighting
  3691 | D:4      | Reached XP level 7. HP: 44/44 MP: 7/7
  3845 | D:4      | Noticed Blork the orc
  3859 | D:4      | Killed Blork the orc
  3992 | D:4      | Reached *** piety under Trog
  4143 | D:5      | Entered Level 5 of the Dungeon
  4143 | D:5      | Found a basalt altar of Yredelemnul.
  4260 | D:5      | Reached skill level 5 in Armour
  4261 | D:5      | Found a staircase to the Ecumenical Temple.
  4353 | D:5      | Noticed a two-headed ogre
  4365 | D:5      | Killed a two-headed ogre
  4365 | D:5      | Reached skill level 5 in Axes
  4365 | D:5      | Reached XP level 8. HP: 26/52 MP: 8/8
  4656 | Temple   | Entered the Ecumenical Temple
  4789 | D:5      | Identified the +6 falchion of Xugoili {slice, rC- rN+++
                  | Str+3 Int-4}
  5061 | D:6      | Reached XP level 9. HP: 40/56 MP: 9/9
  5122 | D:6      | Reached skill level 5 in Dodging
  5221 | D:6      | Noticed Sigmund
  5241 | D:6      | Killed Sigmund
  5489 | D:6      | Reached **** piety under Trog
  5654 | D:6      | Noticed Menkaure
  5674 | D:6      | Killed Menkaure
  6998 | D:7      | Reached XP level 10. HP: 63/64 MP: 10/10
  7115 | D:7      | Found a runed translucent door.
  7116 | D:7      | Noticed Crazy Yiuf
  7630 | D:7      | Killed Crazy Yiuf
  8059 | D:8      | Noticed Harold
  8083 | D:8      | Killed Harold
  9028 | D:9      | Found a deep blue altar of Sif Muna.
  9029 | D:9      | Found a snail-covered altar of Cheibriados.
  9228 | D:9      | Found a bloodstained altar of Trog.
  9229 | D:9      | Found the +5 pair of quick blades "Gyre" and "Gimble"
                  | {pierce, Dex-3}
  9246 | D:9      | Noticed a two-headed ogre
  9258 | D:9      | Killed a two-headed ogre
  9258 | D:9      | Reached XP level 11. HP: 59/71 MP: 6/11
  9396 | D:9      | Found Azacoiw's Jewellery Emporium.
  9837 | D:10     | Entered Level 10 of the Dungeon
  9837 | D:10     | Noticed a two-headed ogre
  9858 | D:10     | Killed a two-headed ogre
 10673 | D:10     | Noticed Fannar
 10744 | D:11     | Reached skill level 10 in Fighting
 11233 | D:10     | Killed Fannar
 11410 | D:10     | Found a staircase to the Lair.
 11431 | D:10     | Reached skill level 10 in Armour
 11438 | D:10     | Reached ***** piety under Trog
 11798 | D:10     | Noticed a two-headed ogre
 11809 | D:10     | Killed a two-headed ogre
 11810 | D:10     | Noticed Joseph
 11825 | D:9      | Found a bloodstained altar of Trog.
 12138 | D:10     | Killed Joseph
 12158 | D:10     | Noticed Psyche
 12176 | D:10     | Killed Psyche
 12361 | D:10     | Found a runed translucent gate.
 12361 | D:10     | Found a runed translucent gate.
 12363 | D:10     | Found a runed translucent gate.
 12363 | D:10     | Noticed a nine-headed hydra
 12363 | D:10     | Noticed Sonofthefire's ghost (novice MiMo)
 12377 | D:10     | Noticed a ten-headed hydra
 12711 | D:10     | Killed a nine-headed hydra
 12714 | D:10     | Killed a 13-headed hydra
 12714 | D:10     | Reached XP level 12. HP: 79/79 MP: 10/12
 12723 | D:10     | Killed Sonofthefire's ghost
 13110 | Lair:1   | Entered Level 1 of the Lair of Beasts
 14269 | Lair:2   | Noticed a four-headed hydra
 14291 | Lair:2   | Killed a 19-headed hydra
 14855 | Lair:2   | Noticed an eight-headed hydra
 14867 | Lair:2   | Killed a 16-headed hydra
 14927 | Lair:2   | Reached skill level 10 in Axes
 15759 | Lair:3   | Reached XP level 13. HP: 49/86 MP: 13/13
 15845 | Lair:3   | Found a hole to the Spider Nest.
 17333 | Lair:4   | Found a staircase to the Swamp.
 17511 | Lair:4   | Received a gift from Trog
 18290 | Lair:4   | Found a runed translucent door.
 18291 | Lair:4   | Noticed growler's ghost (journeyman MfTm)
 18402 | Lair:4   | Killed growler's ghost
 18405 | Lair:4   | Reached skill level 10 in Dodging
 18413 | Lair:4   | Got a crystal hand axe
 18414 | Lair:4   | Identified the +9 hand axe of Motweore {freeze, rF+ rC+
                  | MP-9 Str+3} (You found it on level 4 of the Lair of Beasts)
 19043 | Lair:5   | Gained mutation: Your large and strong wings let you fly
                  | indefinitely. [Gargoyle growth]
 19043 | Lair:5   | Reached XP level 14. HP: 40/94 MP: 9/14
 19783 | Lair:6   | Entered Level 6 of the Lair of Beasts
 20004 | Lair:5   | HP: 6/141 [15-headed hydra (3)]
 20004 | Lair:5   | HP: 2/141 [15-headed hydra (4)]
 20007 | Lair:5   | Slain by a blink frog

Skill      XL: |  1  2  3  4  5  6  7  8  9 10 11 12 13 14 |
---------------+-------------------------------------------+-----
Axes           | 3 4 5 6 8 9 10 11 | 11.4
Dodging        | 2 3 4 5 7 8 9 10 | 10.5
Armour         | 3 4 6 7 9 10 11 12 13 | 13.2
Fighting       | 4 5 6 8 9 10 12 13 | 13.3

Action                   |  1- 3 |  4- 6 |  7- 9 | 10-12 | 13-15 || total
-------------------------+-------+-------+-------+-------+-------++-------
Melee: Hand axe          |   102 |   322 |   531 |   727 |    48 ||  1730
       Unarmed           |       |       |       |     1 |       ||     1
       War axe           |       |       |       |   255 |   303 ||   558
Invok: Berserk           |       |     1 |     6 |    13 |     9 ||    29
       Trog's Hand       |       |       |       |     2 |       ||     2
       Brothers in Arms  |       |       |       |     3 |       ||     3
 Abil: Fly               |       |       |       |       |     1 ||     1
  Use: Scroll            |       |       |       |    32 |       ||    32
 Stab: Invisible         |       |       |       |     3 |       ||     3
       Distracted        |       |       |       |     1 |       ||     1
  Eat: Chunk             |       |    11 |    17 |    29 |    14 ||    71
       Ration            |       |       |       |     6 |     2 ||     8
Armor: Animal skin       |    12 |       |       |       |       ||    12
       Chain mail        |    54 |   274 |    12 |       |       ||   340
       Plate armour      |       |       |   335 |  1032 |   668 ||  2035
       Skin              |       |       |       |     7 |       ||     7
Dodge: Dodged            |    58 |   217 |   220 |   679 |   423 ||  1597
